 Dungeon Crawl Stone Soup version 0.29-a0-39-g581ba40fa7 (webtiles) character file.

Game seed: 5970138537060554416

316 Essalna the Skirmisher (level 6, -2/47 HPs)
             Began as a Djinni Earth Elementalist on Feb 1, 2022.
             Killed by an exploding adder (9 damage)
             ... ignited by their inner flame
             ... on level 4 of the Dungeon.
             The game lasted 00:07:28 (3886 turns).

Essalna the Skirmisher (Djinni Earth Elementalist)  Turns: 3886, Time: 00:07:28

Health: -2/47      AC:  6    Str:  5 (7)  XL:     6   Next: 73%
Gold:   134        EV: 12    Int: 19      God:
                   SH:  0    Dex: 11 (13)

rFire   + + .      SeeInvis .   f - +0 short sword (venom)
rCold   x . .      Faith    .   (no shield)
rNeg    . . .      Spirit   .   b - +0 robe
rPois   ∞          Reflect  .   (no helmet)
rElec   .          Harm     .   d - +0 cloak
rCorr   .          Rampage  .   i - +2 pair of gloves
Will    .....                   (boots unavailable)
Stlth   ++........              (no amulet)
HPRegen 0.15/turn               (no ring)
MPRegen 0.00/turn               (no ring)

@: weak-willed, flying
A: sickness immunity, fire resistance 2, cold vulnerability 1, float, innate
caster, HP casting, extra vitality 1
a: no special abilities


You were on level 4 of the Dungeon.
You visited 1 branch of the dungeon, and saw 4 of its levels.

You collected 134 gold pieces.

Inventory:

Hand Weapons
 e - a +2 dagger of holy wrath
 f - a +0 short sword of venom (weapon)
Missiles
 c - 68 stones
Armour
 b - a +0 robe (worn)
 d - a +0 cloak (worn)
 i - a +2 pair of gloves (worn)
Scrolls
 k - a scroll of vulnerability
Potions
 a - a potion of brilliance


   Skills:
 + Level 4.2 Fighting
 - Level 2.1 Dodging
 - Level 1.5 Stealth
 + Level 4.2 Spellcasting


You couldn't memorise any spells.
You knew the following spells:

 Your Spells              Type           Power      Damage    Failure   Level
a - Sandblast             Erth           38%        2d10      2%          1
b - Passwall              Tmut/Erth      15%        N/A       3%          2
c - Stone Arrow           Conj/Erth      38%        3d9       7%          3
d - Petrify               Tmut/Erth      19%        N/A       24%         4
e - Animate Skeleton      Necr           38%        N/A       2%          1
f - Corpse Rot            Necr/Air       38%        N/A       3%          2
Your spell library was empty.

Dungeon Overview and Level Annotations

Branches:
Dungeon (4/15)
 Temple: D:4-7

Altars:


Innate Abilities, Weirdness & Mutations

You are immune to sickness and miasma.
You are immune to poison.
Your flesh is very heat resistant. (rF++)
You are vulnerable to cold. (rC-)
You float through the air rather than walking.
You learn spells naturally, not from books.
Your magical power is your life essence.
You have superior vitality. (+4 MHP)


Message History

The orc wizard is lightly wounded.
The orc priest calls down the wrath of Beogh upon you.
Beogh smites you! The adder bites you but does no damage.
The orc wizard hits you with a +0 dagger.
The goblin misses you.
The orc priest mumbles some strange prayers to Beogh against you.
Beogh smites you!
* * * LOW HITPOINT WARNING * * *
You hit the orc wizard.
The orc wizard is moderately wounded.
The adder bites you but does no damage.
The orc wizard hits you but does no damage.
The adder bites you.
* * * LOW HITPOINT WARNING * * *
The goblin completely misses you.
As you read the scroll labelled BORAKK QAGIERPH, it crumbles to dust.
Magic quickly surges around you.
It was a scroll of vulnerability.
The adder barely misses you.
The orc wizard hits you but does no damage.
The goblin hits you but does no damage.
As you read the scroll labelled KYPRAUCREAGH, it crumbles to dust.
The creatures around you are filled with an inner flame!
It was a scroll of immolation.
The adder barely misses you.
The orc wizard hits you with a +0 dagger.
* * * LOW HITPOINT WARNING * * *
The goblin closely misses you. The adder barely misses you.
Okay, then.
Unknown command.
You miss the orc wizard.
The orc wizard is moderately wounded.
The orc wizard hits you with a +0 dagger.
* * * LOW HITPOINT WARNING * * *
The adder closely misses you. The goblin misses you.
You hit the adder.
Flame seeps out of the adder.
The adder is poisoned.
The adder is heavily wounded.
Flame seeps out of the adder.
The adder is engulfed in blazing flames.
The adder explodes!
The fiery explosion engulfs you! You resist.
You die...

.#.#..#.......)........)..#.#
#[#.. ###...........#...##.#
# #.. #..............###.#
#..#K.......##.###.###
.......#....#.........###
###..####.#....#..........
#.. #o..########.#.### #.
#g#.########.#.###
#@oo.........#....
#....○##.##########..<.
#...#. #.# ##.## .... .. #.#
#.# ... ... ..# #.# #. ....
### #.# # ....# #.# ###.. >.#
#..


You could see an orc priest (inner flame, weak-willed), an orc wizard (inner
flame, weak-willed), an orc (inner flame, weak-willed) and a goblin (inner
flame, weak-willed).

Vanquished Creatures
  A hound (D:4)
  3 orc priests
  Jessica (D:3)
  3 orc wizards (D:4)
  5 adders
  2 worms
  2 dart slugs
  9 orcs
  5 endoplasms
  A giant cockroach (D:1)
  5 jackals
  2 quokkas
  3 ball pythons
  7 bats
  2 frilled lizards
  7 goblins
  11 kobolds
  7 rats
76 creatures vanquished.

Notes
Turn   | Place    | Note
-------+----------+-------------------------------------------
     0 | D:1      | Essalna the Djinni Earth Elementalist began the quest for
                  | the Orb.
     0 | D:1      | Reached XP level 1. HP: 15/15 MP: 0/0
   300 | D:1      | Reached XP level 2. HP: 20/22 MP: 0/0
   327 | D:1      | Reached skill level 1 in Fighting
   900 | D:1      | Reached XP level 3. HP: 27/27 MP: 0/0
   900 | D:1      | Learned a level 1 spell: Animate Skeleton
  1511 | D:2      | Reached XP level 4. HP: 33/33 MP: 0/0
  1980 | D:3      | Noticed Jessica
  1987 | D:3      | Killed Jessica
  2086 | D:3      | Reached XP level 5. HP: 35/40 MP: 0/0
  2086 | D:3      | Learned a level 2 spell: Corpse Rot
  2941 | D:4      | Reached XP level 6. HP: 42/46 MP: 0/0
  3886 | D:4      | Killed by an exploding adder... ignited by their inner
                  | flame

Illustrated notes

Levels and vault maps discovered:
D:1:      dpeg_arrival_pond, layout_basic
D:2:      layout_loops_ring
D:3:      layout_basic, uniq_jessica
D:4:      layout_loops_ring, uniq_menkaure

Skill      XL: |  1  2  3  4  5  6 |
---------------+-------------------+-----
Fighting       | 1 2 3 4 |  4.2
Spellcasting   | 3 4 |  4.2
Dodging        | |  2.1
Stealth        | |  1.5

Action                   |  1- 3 |  4- 6 || total
-------------------------+-------+-------++-------
Melee: Unarmed           |     5 |       ||     5
       Short sword       |    27 |    74 ||   101
       Punch             |       |     2 ||     2
 Cast: Sandblast         |    29 |    44 ||    73
       Corpse Rot        |       |     1 ||     1
       Stone Arrow       |       |     2 ||     2
  Use: Scroll            |       |     7 ||     7
       Potion            |       |     3 ||     3
 Stab: Sleeping          |     2 |     3 ||     5
Armor: Robe              |    15 |    46 ||    61
Dodge: Dodged            |    34 |    61 ||    95

Table legend: (Time is in decaauts)
 A = Elapsed time spent in this place.
 B = Non-inter-level travel time spent in this place.
 C = Inter-level travel time spent in this place.
 D = Time resting spent in this place.
 E = Time spent auto-exploring this place.
 F = Levels seen in this place.
 G = Mean time per level.
                   A        B        C        D        E       F      G
               +--------+--------+--------+--------+--------+-----+--------+
         Total |   3894 |   3779 |    115 |      0 |   3202 |   4 |  973.5 |
       Dungeon |   3894 |   3779 |    115 |      0 |   3202 |   4 |  973.5 |
               +--------+--------+--------+--------+--------+-----+--------+

Top non-repeatable levels by time:
     D:1: 1376 daAuts
     D:3: 1017 daAuts
     D:4: 953 daAuts
     D:2: 547 daAuts
